 Dungeon Crawl Stone Soup version 0.24.1 (webtiles) character file.

Game seed: 4495572847158013024, levelgen mode: deterministic

123 H0rd4k the Charlatan (level 5, -2/37 HPs)
             Began as a Human Artificer on Mar 26, 2020.
             Killed by divine providence
             ... invoked by an orc priest
              (12 damage)
             ... on level 3 of the Dungeon.
             The game lasted 00:04:01 (3028 turns).

H0rd4k the Charlatan (Human Artificer)              Turns: 3028, Time: 00:04:02

Health: -2/37      AC:  3    Str: 14    XL:     5   Next: 29%
Magic:  0/7        EV: 13    Int: 14    God:
Gold:   137        SH:  0    Dex: 13    Spells: 4/4 levels left

rFire    . . .     SeeInvis .   a - +0 short sword
rCold    . . .     Gourm    .   (no shield)
rNeg     . . .     Faith    .   b - +0 leather armour
rPois    .         Spirit   +   (no helmet)
rElec    .         Reflect  .   (no cloak)
rCorr    .         Harm     .   (no gloves)
MR       .....                  (no boots)
Stlth    +.........             m - amulet of guardian spirit
HPRegen  0.12/turn              j - +3 ring of intelligence
MPRegen  0.10/turn              (no ring)

@: no status effects
A: no striking features
a: no special abilities


You were on level 3 of the Dungeon.
You were not hungry.

You visited 1 branch of the dungeon, and saw 3 of its levels.

You collected 137 gold pieces.

Inventory:

Hand Weapons
 a - a +0 short sword (weapon)
 h - a +0 short sword of holy wrath
Missiles
 n - 16 poisoned darts (quivered)
Armour
 b - a +0 leather armour (worn)
Jewellery
 j - a +3 ring of intelligence (left hand)
 m - an amulet of guardian spirit (around neck)
Wands
 c - a wand of flame (10)
 d - a wand of enslavement (13)
 e - a wand of random effects (15)
Scrolls
 g - a scroll of immolation {unknown}
 k - 3 scrolls of identify {unknown}
 l - a scroll of fear {unknown}
 p - a scroll of enchant weapon {unknown}
 r - a scroll of teleportation {unknown}
 u - a scroll of blinking {unknown}
Potions
 i - a potion of curing {unknown}
 o - a potion of berserk rage {unknown}
 q - a potion of lignification {unknown}
 s - a potion of brilliance {unknown}
 t - a potion of resistance {unknown}
 v - a potion of cancellation {unknown}
 w - 2 potions of agility {unknown}
Comestibles
 f - 5 rations


   Skills:
 + Level 1.4 Fighting
 + Level 2.4 Short Blades
 + Level 0.4 Throwing
 + Level 1.9 Armour
 + Level 3.0 Dodging
 + Level 1.2 Stealth
 + Level 3.3 Evocations


You had 4 spell levels left.
You didn't know any spells.
Your spell library was empty.

Dungeon Overview and Level Annotations

Branches:
Dungeon (3/15)

Altars:

Annotations:
D:2 exclusion: 2 downstairs


Message History

You throw a poisoned dart.
The poisoned dart barely misses the orc priest.
Throwing (i - inventory)
n - 17 poisoned darts (quivered)
Press: ? - help, Shift-Dir - straight line, f/p - orc priest
Aim: an orc priest, wielding a +0 club and wearing a +0 scale mail (poisoned)
You throw a poisoned dart.
The poisoned dart barely misses the orc priest.
You hit the orc priest.
The orc priest is moderately wounded.
The orc priest misses you.
You closely miss the orc priest.
The orc priest is moderately wounded.
The orc priest mumbles some strange prayers to Beogh against you.
Pain shoots through your body!
* * * LOW HITPOINT WARNING * * *
You barely miss the orc priest.
The orc priest is moderately wounded.
The orc priest invokes the aid of Beogh against you.
Beogh smites you!
You die...

..####..# #.# ........#
#.# ....#..(# #<# . ...
#...# #.# #...####...# #.#
...........# #†#
#...####...# #.# #
#...######.#
#######((...o@...#
........#((####### ..##.
#### ######..#..# ...%.
...# #..#..# #.#.# #..#
#..#..#### #.#.# #o.
#........# #.#.# #o#
##)#..##.### #.#.###o#
...#.......####....##(###
#####.......##..÷.....(...


You could see an orc priest.

Vanquished Creatures
  A gnoll (D:3)
  5 adders
  A worm (D:2)
  3 dart slugs
  5 orcs
  A ball python (D:1)
  3 bats
  4 giant cockroaches
  8 goblins
  4 hobgoblins
  2 jackals (D:1)
  2 quokkas
  A frilled lizard (D:1)
  8 kobolds
  5 rats
53 creatures vanquished.

Vanquished Creatures (others)
  An orc (D:3)
1 creature vanquished.

Grand Total: 54 creatures vanquished

Notes
Turn   | Place    | Note
-------+----------+-------------------------------------------
     0 | D:1      | H0rd4k the Human Artificer began the quest for the Orb.
     0 | D:1      | Reached XP level 1. HP: 15/15 MP: 3/3
   314 | D:1      | Reached XP level 2. HP: 5/21 MP: 4/4
   684 | D:1      | Reached skill level 1 in Armour
   920 | D:1      | Reached XP level 3. HP: 22/26 MP: 0/5
  1703 | D:2      | Reached XP level 4. HP: 7/32 MP: 1/6
  2625 | D:2      | Reached XP level 5. HP: 14/37 MP: 4/7
  3028 | D:3      | Killed from afar by an orc priest

Levels and vault maps discovered:
D:1:      tarquinn_simple_flora_water_f, layout_basic
D:2:      layout_rooms, grunt_decor_mini_mirrors
D:3:      layout_loops_ring, nemelex_xobeh_ov_fountains_minmay,
          lemuel_coloured_pillars_altar, marbit_many_paths,
          minmay_misc_feat_tower

Skill      XL: |  1  2  3  4  5 |
---------------+----------------+-----
Armour         | 1 |  1.9
Short Blades   | 2 |  2.4
Dodging        | 3 |  3.0
Fighting       | |  1.4
Throwing       | |  0.4
Stealth        | |  1.2
Evocations     | |  3.3

Action                   |  1- 3 |  4- 6 || total
-------------------------+-------+-------++-------
Melee: Short sword       |   165 |   103 ||   268
Throw: Dart              |       |    25 ||    25
Evoke: Wand              |     5 |     2 ||     7
 Stab: Sleeping          |     2 |     1 ||     3
  Eat: Chunk             |     1 |     6 ||     7
Armor: Leather armour    |    43 |    22 ||    65
Dodge: Dodged            |   147 |    79 ||   226
